 Dungeon Crawl Stone Soup version 0.27.1-4-g1640c2035a (webtiles) character file.

Game seed: 10561199653168837924

72 Asuta the Skirmisher (level 4, -2/41 HPs)
             Began as a Gnoll Wanderer on Nov 14, 2021.
             Killed from afar by Natasha (10 damage)
             ... with a magic dart
             ... on level 2 of the Dungeon.
             The game lasted 00:07:38 (1645 turns).

Asuta the Skirmisher (Gnoll Wanderer)               Turns: 1645, Time: 00:07:39

Health: -2/41      AC:  3    Str: 10    XL:     4   Next: 25%
Magic:  11/11      EV: 11    Int: 11    God:
Gold:   70         SH:  0    Dex: 14    Spells: 12/13 levels left

rFire    . . .     SeeInvis .   a - +2 dagger
rCold    . . .     Faith    .   (no shield)
rNeg     . . .     Spirit   .   d - +0 leather armour
rPois    .         Reflect  .   (no helmet)
rElec    .         Harm     .   (no cloak)
rCorr    .         Rampage  .   (no gloves)
Will     .....                  (no boots)
Stlth    +.........             (no amulet)
HPRegen  0.13/turn              (no ring)
MPRegen  0.12/turn              (no ring)

@: studying Short Blades
A: fangs 1, strong nose, distributed training
a: no special abilities


You were on level 2 of the Dungeon.
You visited 1 branch of the dungeon, and saw 2 of its levels.

You collected 70 gold pieces.

Inventory:

Hand Weapons
 a - a +2 dagger (weapon)
Missiles
 c - 8 poisoned darts (quivered)
 i - a curare-tipped dart
Armour
 d - a +0 leather armour (worn)
Scrolls
 e - a scroll of enchant weapon {unknown}
 f - a scroll of magic mapping {unknown}
 g - a scroll of amnesia {unknown}
Potions
 b - a potion of degeneration {unknown}
 h - a potion of curing {unknown}


   Skills:
 + Level 6.6 Fighting
 + Level 1.6 Short Blades
 + Level 1.1 Long Blades
 + Level 1.1 Axes
 + Level 1.1 Maces & Flails
 + Level 1.1 Polearms
 + Level 1.1 Staves
 + Level 1.1 Slings
 + Level 2.7 Bows
 + Level 1.1 Crossbows
 + Level 2.7 Throwing
 + Level 2.7 Armour
 + Level 1.1 Dodging
 + Level 1.1 Stealth
 + Level 2.7 Shields
 + Level 1.1 Unarmed Combat
 + Level 5.0 Spellcasting
 + Level 0.8 Conjurations
 + Level 0.8 Hexes
 + Level 0.8 Summonings
 + Level 0.8 Necromancy
 + Level 2.2 Translocations
 + Level 0.8 Transmutations
 + Level 0.8 Fire Magic
 + Level 0.8 Ice Magic
 + Level 0.8 Air Magic
 + Level 0.8 Earth Magic
 + Level 0.8 Poison Magic
 + Level 1.2 Invocations
 + Level 1.1 Evocations


You had 12 spell levels left.
You knew the following spells:

 Your Spells              Type           Power      Damage    Failure   Level
a - Freeze                Ice            16%        1d4       21%         1

Your spell library contained the following spells:

 Spells                   Type           Power      Damage    Failure   Level
 Apportation              Tloc           14%        N/A       11%         1
 Sublimation of Blood     Necr           2%         N/A       30%         2
 Wereblood                Tmut           4%         N/A       30%         2
 Gell's Gravitas          Tloc           3%         N/A       32%         3
 Ozocubu's Armour         Ice            4%         N/A       52%         3
 Summon Hydra             Summ           2%         N/A       100%        7


Dungeon Overview and Level Annotations

Branches:
Dungeon (2/15)

Altars:

Shops:
D:1 ![[(

Annotations:
D:2 Natasha


Innate Abilities, Weirdness & Mutations

You have very sharp teeth.
Your uncanny sense of smell can sniff out nearby items.
Your experience applies equally to all skills.


Message History

You hit the shadow imp. Your bite misses the shadow imp.
The shadow imp is severely wounded.
The shadow imp gestures at you.
You barely resist. You hit the shadow imp.
You kill the shadow imp!
Natasha wildly gestures.
Natasha glows brightly for a moment.
Throw: 10 darts (poison)
Press: ? - help, Q - select action, (/) - cycle Shift-Dir - straight line, f - Natasha
Aim: Natasha (56% to hit)
You throw a poisoned dart. The poisoned dart hits Natasha.
Natasha claws you.
Throw: 9 darts (poison)
Press: ? - help, Q - select action, (/) - cycle Shift-Dir - straight line, f/p - Natasha
Aim: Natasha (56% to hit)
You throw a poisoned dart. The poisoned dart hits Natasha.
Natasha is poisoned.
Natasha barely misses you.
You hit Natasha.
Natasha is moderately wounded.
Natasha casts a spell at you. The magic dart hits you!
You hit Natasha.
Natasha is heavily wounded.
Natasha stares at you and mumbles some strange words.
The magic dart hits you.
The crimson imp blinks!
You completely miss Natasha.
Natasha is severely wounded.
Natasha barely misses you. The crimson imp closely misses you.
You barely miss Natasha. Your bite misses Natasha.
Natasha is severely wounded.
Natasha claws you.
* * * LOW HITPOINT WARNING * * *
The crimson imp hits you.
* * * LOW HITPOINT WARNING * * *
You closely miss Natasha. You bite Natasha.
Natasha is severely wounded.
Natasha casts a spell at you. The magic dart hits you!
You die...

# ... ##. #.. ... #.#
.#.# #.# ##### .#.. #.#
...##.### #.# #.#..##.
#h# ##...##.. #@#
#.......# #5#
##[..#..## #.#
###..<###... #.#
##.....# #... #.#
#.....##...#.
######.####..#####.####
#.......#...## #.##..
#.......#..#######.#..#
#...<................##


You could see Natasha (poisoned) and a crimson imp (summoned).

Vanquished Creatures
  2 adders (D:2)
  4 worms (D:2)
  A dart slug (D:2)
  3 ball pythons
  5 endoplasms
  A giant cockroach (D:1)
  4 goblins
  3 hobgoblins
  3 jackals (D:1)
  A quokka (D:1)
  2 bats (D:1)
  2 frilled lizards (D:2)
  4 kobolds
  3 rats
38 creatures vanquished.

Notes
Turn   | Place    | Note
-------+----------+-------------------------------------------
     0 | D:1      | Asuta the Gnoll Wanderer began the quest for the Orb.
     0 | D:1      | Asuta set off with the following items: a +2 dagger, 2
                  | curare-tipped darts, a +0 robe; and the following spells
                  | available to memorise: Apportation, Freeze, Gell's
                  | Gravitas, Ozocubu's Armour
     0 | D:1      | Reached XP level 1. HP: 23/23 MP: 6/6
     2 | D:1      | Learned a level 1 spell: Freeze
   131 | D:1      | Found Seudeun's Distillery.
   301 | D:1      | Found Vigaih's Antique Armour Shoppe.
   306 | D:1      | Reached XP level 2. HP: 29/29 MP: 7/7
   670 | D:1      | Found Jicisil's Armour Emporium.
   953 | D:1      | Found Muh Myra's Weapon Shoppe.
   968 | D:1      | You fall into a shaft and drop 1 floor!
   982 | D:2      | Reached skill level 1 in Short Blades
   982 | D:2      | Reached skill level 5 in Spellcasting
   982 | D:2      | Reached XP level 3. HP: 30/35 MP: 7/9
  1120 | D:2      | Reached skill level 1 in Invocations
  1234 | D:2      | Reached skill level 1 in Long Blades
  1234 | D:2      | Reached skill level 1 in Axes
  1234 | D:2      | Reached skill level 1 in Maces & Flails
  1234 | D:2      | Reached skill level 1 in Polearms
  1234 | D:2      | Reached skill level 1 in Staves
  1234 | D:2      | Reached skill level 1 in Slings
  1234 | D:2      | Reached skill level 1 in Crossbows
  1234 | D:2      | Reached skill level 1 in Dodging
  1234 | D:2      | Reached skill level 1 in Stealth
  1234 | D:2      | Reached skill level 1 in Unarmed Combat
  1234 | D:2      | Reached skill level 1 in Evocations
  1259 | D:2      | Reached XP level 4. HP: 12/41 MP: 11/11
  1629 | D:2      | Noticed Natasha
  1645 | D:2      | Killed from afar by Natasha

Illustrated notes

Levels and vault maps discovered:
D:1:      elethiomel_arrival_shortcut, layout_loops_ring, serial_shops,
          nicolae_shop_temple_entry_statues_fountains, shop, shop,
          nicolae_square_shop, nrook_uturn, minmay_split_cup_large
D:2:      layout_rooms, chequers_serial_rivers_small_3, minmay_misc_feat_chi,
          uniq_natasha

Skill      XL: |  1  2  3 |
---------------+----------+-----
Translocations | 2 |  2.2
Short Blades   | 1 |  1.6
Spellcasting   | 5 |  5.0
Invocations    | 1 |  1.2
Long Blades    | 1 |  1.1
Axes           | 1 |  1.1
Maces & Flails | 1 |  1.1
Polearms       | 1 |  1.1
Staves         | 1 |  1.1
Slings         | 1 |  1.1
Crossbows      | 1 |  1.1
Dodging        | 1 |  1.1
Stealth        | 1 |  1.1
Unarmed Combat | 1 |  1.1
Evocations     | 1 |  1.1
Fighting       | |  6.6
Bows           | |  2.7
Throwing       | |  2.7
Armour         | |  2.7
Shields        | |  2.7
Conjurations   | |  0.8
Hexes          | |  0.8
Summonings     | |  0.8
Necromancy     | |  0.8
Transmutations | |  0.8
Fire Magic     | |  0.8
Ice Magic      | |  0.8
Air Magic      | |  0.8
Earth Magic    | |  0.8
Poison Magic   | |  0.8

Action                   |  1- 3 |  4- 6 || total
-------------------------+-------+-------++-------
Melee: Dagger            |   122 |    33 ||   155
       Bite              |    10 |     4 ||    14
Throw: Dart              |    11 |     7 ||    18
Armor: Leather armour    |    29 |     2 ||    31
       Robe              |     6 |       ||     6
Dodge: Dodged            |    78 |    13 ||    91
